 Dungeon Crawl Stone Soup version 0.21-a0-633-g4c047d5 (webtiles) character file.

466 Faca the Shield-Bearer (level 7, -6/54 HPs)
             Began as a Formicid Fighter on Dec 28, 2017.
             Mangled by a two-headed ogre
             ... wielding a +0 giant club
              (14 damage)
             ... on level 4 of the Dungeon.
             The game lasted 00:06:52 (3225 turns).

Faca the Shield-Bearer (Formicid Fighter)           Turns: 3225, Time: 00:06:54

Health: -6/54      AC: 11    Str: 21    XL:     7   Next: 30%
Magic:  7/7        EV:  8    Int: 10    God:
Gold:   193        SH: 11    Dex: 11    Spells: 6/6 levels left

rFire    . . .     SeeInvis +   a - +0 long sword
rCold    . . .     Gourm    .   c - +1 shield
rNeg     . . .     Faith    .   b - +0 scale mail
rPois    +         Spirit   .   (helmet unavailable)
rElec    .         Reflect  .   j - +2 cloak "Qurr" {rPois Int+2}
rCorr    .         Harm     .   g - +0 pair of gloves
MR       .....                  (no boots)
Stlth    ..........             (no amulet)
HPRegen  0.18/turn              (no ring)
MPRegen  0.10/turn              (no ring)

@: no status effects
A: permanent stasis, dig shafts and tunnels, four strong arms, antennae 3
a: Dig, Shaft Self


You were on level 4 of the Dungeon.
You were not hungry.

You visited 1 branch of the dungeon, and saw 4 of its levels.

You collected 193 gold pieces.

Inventory:

Hand Weapons
 a - a +0 long sword (weapon)
Armour
 b - a +0 scale mail (worn)
 c - a +1 shield (worn)
 g - a +0 pair of gloves (worn)
 j - the +2 cloak "Qurr" (worn) {rPois Int+2}
   (You found it on level 4 of the Dungeon)

   It affects your intelligence (+2).
   It protects you from poison.
Wands
 e - a wand of clouds (6)
Scrolls
 l - 3 scrolls of remove curse
 m - 2 scrolls of enchant armour
 n - a scroll of fog
 p - a scroll of amnesia {unknown}
Potions
 d - a potion of might
 h - a potion of heal wounds
 i - 2 potions of curing
 o - a potion of lignification {unknown}
Comestibles
 f - 7 rations


   Skills:
 + Level 4.2 Fighting
 + Level 4.7 Long Blades
 + Level 4.9 Armour
 + Level 5.8 Shields


You had 6 spell levels left.
You didn't know any spells.

Dungeon Overview and Level Annotations

Branches:
Dungeon (4/15)
 Temple: D:4-7

Altars:
Fedhas
Kikubaaqudgha
Nemelex Xobeh
Xom


Innate Abilities, Weirdness & Mutations

You cannot be hasted, slowed, berserked, paralysed or teleported.
You can dig through walls and to a lower floor.
Your four strong arms can wield two-handed weapons with a shield.
You have a pair of large antennae on your head. (SInv)


Message History

You hit the two-headed ogre.
The two-headed ogre is lightly wounded.
The two-headed ogre hits you with a giant club!
The two-headed ogre closely misses you.
You barely miss the two-headed ogre.
The two-headed ogre is lightly wounded.
The two-headed ogre hits you with a giant club!
The two-headed ogre hits you but does no damage.
You hit the two-headed ogre.
The two-headed ogre is moderately wounded.
You barely miss the two-headed ogre.
The two-headed ogre is moderately wounded.
The two-headed ogre hits you with a giant club!
* * * LOW HITPOINT WARNING * * *
You block the two-headed ogre's attack.
You barely miss the two-headed ogre.
The two-headed ogre is moderately wounded.
You block the two-headed ogre's attack.
The two-headed ogre hits you with a giant club!
You die...

.....#....#....[.'...............
.....'!...#......#...........[...
.....#....#......#(..............
.....######...<..#....##.##...#..
.....# {#......#....##.##'#####
.....# .#......#.............#
.....# .'......#..........<..#
.....# #....O.#.............#
.....# #.....@#...<...##...##
..)..# #......#.......##...##
.....# #......'....>...#....#
.....# #......#........#....#
.....# #......#.......##'####
...).# #......#.......#.....#
.>...# #......#.......#.....#
.....# #......#......['.....#
.....# #......#.......#.....#


You could see a two-headed ogre.

Vanquished Creatures
  An ogre (D:4)
  A scorpion (D:4)
  A howler monkey (D:4)
  A crimson imp (D:4)
  2 hounds
  3 worker ants
  6 adders
  2 dart slugs
  4 leopard geckos
  7 orcs (D:4)
  7 bats
  2 giant cockroaches (D:4)
  6 goblins
  12 hobgoblins
  3 jackals (D:4)
  8 kobolds
  2 quokkas
  A ball python (D:2)
  5 frilled lizards
  7 rats
81 creatures vanquished.

Notes
Turn   | Place    | Note
-------+----------+-------------------------------------------
     0 | D:1      | Faca the Formicid Fighter began the quest for the Orb.
     0 | D:1      | Reached XP level 1. HP: 18/18 MP: 1/1
    42 | D:1      | Reached XP level 2. HP: 20/24 MP: 2/2
   195 | D:1      | Reached skill level 4 in Shields
   684 | D:2      | Reached XP level 3. HP: 9/30 MP: 3/3
  1005 | D:2      | Reached XP level 4. HP: 22/37 MP: 4/4
  1332 | D:2      | Reached XP level 5. HP: 42/42 MP: 5/5
  1724 | D:3      | Found a faded altar of an unknown god.
  2039 | D:3      | Found a sparkling altar of Nemelex Xobeh.
  2131 | D:3      | Found an ancient bone altar of Kikubaaqudgha.
  2244 | D:3      | Found a blossoming altar of Fedhas.
  2246 | D:3      | Found a hazy altar of Hepliaklqana.
  2246 | D:3      | Found a blossoming altar of Fedhas.
  2249 | D:3      | Found a sparkling altar of Nemelex Xobeh.
  2249 | D:3      | Found a shimmering altar of Xom.
  2249 | D:3      | Found an ornate altar of the Wu Jian Council.
  2446 | D:4      | Reached XP level 6. HP: 46/48 MP: 6/6
  2484 | D:4      | Reached skill level 5 in Shields
  2711 | D:4      | Noticed an ogre
  2724 | D:4      | Killed an ogre
  2724 | D:4      | Reached XP level 7. HP: 13/54 MP: 7/7
  3023 | D:4      | Got a dazzling cloak
  3030 | D:4      | Identified the +2 cloak "Qurr" {rPois Int+2} (You found it on level 4 of the Dungeon)
  3215 | D:4      | Noticed a two-headed ogre
  3225 | D:4      | Mangled by a two-headed ogre

Vault maps used:
D:1:      dpeg_arrival_morbid_curiosity
D:2:      feat_on_display
D:3:      grunt_temple_overflow_open, chequers_ecumenical_altar_island,
          doesnt_xom_only_xom

Skill      XL: |  1  2  3  4  5  6 |
---------------+-------------------+-----
Shields        | 4 5 |  5.8
Armour         | 4 |  4.9
Long Blades    | 3 4 |  4.7
Fighting       | 4 |  4.2

Action                   |  1- 3 |  4- 6 |  7- 9 || total
-------------------------+-------+-------+-------++-------
Melee: Long sword        |    79 |   195 |    57 ||   331
  Use: Scroll            |     3 |     4 |     2 ||     9
  Eat: Chunk             |       |     3 |       ||     3
       Ration            |       |     1 |     1 ||     2
Armor: Scale mail        |    31 |    86 |    20 ||   137
Dodge: Dodged            |    27 |    63 |    14 ||   104
Block: Shield            |    38 |   124 |    36 ||   198
       Rpst.: Long sword |    10 |    20 |     3 ||    33

Table legend:
 A = Spawn XP
 B = Non-spawn XP
 C = Spawn XP percentage of total XP
 D = Spawn monster count
 E = Non-spawn monster count
 F = Spawn count percentage of total count
 G = Total turns spent on level
                    A         B        C        D         E        F      G
               +---------+---------+-------+---------+---------+-------+---------
         Total |       0 |     666 |   0.0 |       0 |      81 |   0.0 |  3225
               +---------+---------+-------+---------+---------+-------+---------
           D:1 |       0 |      26 |   0.0 |       0 |      15 |   0.0 |   668
           D:2 |       0 |     151 |   0.0 |       0 |      25 |   0.0 |   995
           D:3 |       0 |      63 |   0.0 |       0 |      19 |   0.0 |   740
           D:4 |       0 |     426 |   0.0 |       0 |      22 |   0.0 |   822
               +---------+---------+-------+---------+---------+-------+---------
